 Dungeon Crawl Stone Soup version 0.27-a0-1359-ga2a4dfd6fd (webtiles) character file.

Game seed: 1516427589081343529

1903 ABBCCCDDDD the Ducker (level 9, -11/49 HPs)
             Began as a Kobold Hedge Wizard on June 28, 2021.
             Was an Initiate of Qazlal.
             Mangled by an ogre (33 damage)
             ... on level 6 of the Dungeon.
             The game lasted 00:30:17 (13086 turns).

ABBCCCDDDD the Ducker (Kobold Hedge Wizard)        Turns: 13086, Time: 00:30:18

Health: -11/49     AC:  3    Str:  7    XL:     9   Next: 38%
Magic:  12/13      EV: 18    Int: 19    God:    Qazlal [......]
Gold:   306        SH:  0    Dex: 14    Spells: 6/14 levels left

rFire    . . .     SeeInvis .   l - +0 dagger (venom)
rCold    . . .     Faith    .   (shield restricted)
rNeg     . . .     Spirit   .   y - +1 robe {Will+}
rPois    .         Reflect  .   c - +0 hat
rElec    .         Harm     .   (no cloak)
rCorr    .         Rampage  .   (no gloves)
Will     +....                  (no boots)
Stlth    +++++.....             (no amulet)
HPRegen  0.16/turn              (no ring)
MPRegen  0.13/turn              (no ring)

@: studying Dodging
A: small, no large weapons, nightstalker 3
a: Renounce Religion


You were on level 6 of the Dungeon.
You worshipped Qazlal.
Qazlal was noncommittal.
You visited 2 branches of the dungeon, and saw 8 of its levels.

You collected 356 gold pieces.
You spent 50 gold pieces at shops.

Inventory:

Hand Weapons
 l - a +0 dagger of venom (weapon)
 s - a +1 antimagic whip
Missiles
 w - a curare-tipped dart
Armour
 c - a +0 hat (worn)
 p - a +0 kite shield
 y - a +1 robe of willpower (worn)
Magical Staves
 b - a staff of poison
Wands
 h - a wand of acid (5)
Scrolls
 e - 2 scrolls of magic mapping
 g - 3 scrolls of teleportation
 i - a scroll of fog
 j - 4 scrolls of noise
 k - a scroll of identify
 m - a scroll of amnesia {unknown}
 n - a scroll of blinking
 o - 2 scrolls of vulnerability {unknown}
 q - a scroll of fear {unknown}
 r - a scroll of silence
 v - a scroll of immolation {unknown}
Potions
 a - a potion of heal wounds
 d - 2 potions of attraction
 f - 2 potions of flight
 u - a potion of ambrosia {unknown}
 x - a potion of mutation {unknown}


   Skills:
 + Level 2.5 Fighting
 + Level 3.3 Short Blades
 + Level 7.7 Dodging
 + Level 7.6 Stealth
 - Level 3.2 Spellcasting
 + Level 4.7 Conjurations
 - Level 2.0 Hexes
 - Level 3.8 Summonings
 - Level 3.5 Translocations
 + Level 4.1 Fire Magic


You had 6 spell levels left.
You knew the following spells:

 Your Spells              Type           Power      Damage    Failure   Level
a - Magic Dart            Conj           84%        1d7       1%          1
b - Blink                 Tloc           N/A        N/A       5%          2
c - Conjure Flame         Conj/Fire      20%        6-21      7%          3
d - Slow                  Hex            10%        N/A       10%         2

Your spell library contained the following spells:

 Spells                   Type           Power      Damage    Failure   Level
 Summon Small Mammal      Summ           68%        N/A       3%          1
 Call Imp                 Summ           17%        N/A       4%          2
 Call Canine Familiar     Summ           17%        N/A       9%          3
 Summon Guardian Golem    Hex/Summ       14%        N/A       13%         3
 Mephitic Cloud           Conj/Pois/Air  9%         N/A       24%         3
 Summon Ice Beast         Ice/Summ       10%        N/A       54%         4
 Summon Lightning Spire   Summ/Air       10%        N/A       54%         4


Dungeon Overview and Level Annotations

Branches:
Dungeon (7/15)             Temple (1/1) D:6

Altars:
Cheibriados
Dithmenos
Elyvilon
Fedhas
Okawaru
Qazlal
Ru
Uskayaw
Wu Jian
Xom
Yredelemnul
Zin
The Shining One

Shops:
D:1 ?

Annotations:
D:3 1 runed translucent door, Brandom's ghost, amateur HuDe
D:7 exclusion: cyclops


Innate Abilities, Weirdness & Mutations

You are small and have problems with some larger weapons.
You are completely attuned to the shadows.


Message History

You kill the orc!
Qazlal accepts your kill. The gnoll barely misses you.
You hit the orc.
The orc is poisoned.
The orc is moderately wounded.
The gnoll hits you from afar with a +0 spear!
You closely miss the orc.
The orc is moderately wounded.
The orc hits you with a +0 club.
An orc comes into view. It is wielding a +0 whip.
You hit the orc but do no damage.
The orc looks as sick as possible!
The orc is heavily wounded.
The gnoll misses you. The orc barely misses you.
You hit the orc but do no damage.
The orc looks as sick as possible!
The orc is severely wounded.
The gnoll closely misses you. The orc barely misses you.
You hit the orc.
You kill the orc!
Qazlal accepts your kill.
The gnoll hits you from afar with a +0 spear!
You hit the gnoll shaman.
The gnoll shaman is poisoned.
The gnoll shaman is lightly wounded.
The gnoll closely misses you. The gnoll shaman completely misses you.
You hit the gnoll shaman but do no damage.
The gnoll shaman looks as sick as possible!
The gnoll shaman is lightly wounded.
The gnoll barely misses you.
Things that are here:
a +0 club; a gnoll corpse The gnoll shaman mumbles some strange prayers to its god.
The gnoll shaman is healed somewhat.
The gnoll shaman invokes the aid of its god against you.
You resist with almost no effort.
You kill the gnoll shaman!
Qazlal accepts your kill.
There is a stone staircase leading up here.
You climb upwards.
The ogre hits you with a +0 giant club!!
Ouch! That really hurt!
You die...

#............
############################
#........................###
#..<.....................#..
#........................#..
#........................#..
######........................#..
..........######.O........#.8.#..
..........#....#@..............##
..........#....####...#+##8.>.8..
..........#.........'............
..........#........#'#....#.8.#..
..........####'#..##.##...#......
########.......(.##.⌠.##..#......
.......#...)....##.....##..##....
..<....#.......##...'...##..#....
.......#.......#...#'#...#..'....


You could see an ogre.

Vanquished Creatures
  A water moccasin (D:7)
  2 hornet zombies
  A sky beast (D:6)
  3 necrophages (D:4)
  2 centaurs (D:6)
  A kobold brigand (D:6)
  A bullfrog (D:7)
  2 scorpions
  A water moccasin skeleton (D:5)
  A howler monkey (D:4)
  2 bullfrog zombies
  4 hounds
  A human zombie (D:4)
  A bullfrog skeleton (D:7)
  A centaur skeleton (D:5)
  3 gnoll shamans
  2 orc priests (D:5)
  2 iguanas (D:6)
  An orc wizard (D:5)
  A hound zombie (D:4)
  4 mummies (D:4)
  A howler monkey zombie (D:6)
  9 gnolls
  3 adders
  A worm (D:2)
  2 dart slugs
  10 orcs
  3 ball pythons
  6 bats
  5 endoplasms
  2 giant cockroaches (D:2)
  8 goblins
  6 hobgoblins
  10 jackals
  2 quokkas
  3 frilled lizards
  8 kobolds
  2 rats (D:1)
118 creatures vanquished.

Vanquished Creatures (others)
  2 withered plants (D:3)
2 creatures vanquished.

Grand Total: 120 creatures vanquished

Notes
Turn   | Place    | Note
-------+----------+-------------------------------------------
     0 | D:1      | ABBCCCDDDD the Kobold Hedge Wizard began the quest for the
                  | Orb.
     0 | D:1      | Reached XP level 1. HP: 10/10 MP: 4/4
    79 | D:1      | Found a faded altar of an unknown god.
    95 | D:1      | Found Voug's Magic Scroll Shoppe.
   167 | D:1      | Reached XP level 2. HP: 15/15 MP: 0/6
   395 | D:1      | Learned a level 2 spell: Blink
   786 | D:1      | Reached XP level 3. HP: 19/19 MP: 4/7
  1269 | D:1      | Bought a scroll of fog for 20 gold pieces
  1269 | D:1      | Bought a scroll of noise for 10 gold pieces
  1269 | D:1      | Bought a scroll of identify for 20 gold pieces
  2801 | D:2      | Reached XP level 4. HP: 24/24 MP: 3/8
  2805 | D:2      | Learned a level 3 spell: Conjure Flame
  2846 | D:3      | Found an iron altar of Okawaru.
  3294 | D:3      | Found a runed translucent door.
  3295 | D:3      | Noticed Brandom's ghost (amateur HuDe)
  3921 | D:3      | Reached XP level 5. HP: 13/28 MP: 6/9
  4248 | D:4      | Noticed a necrophage
  4439 | D:4      | Reached skill level 1 in Fire Magic
  5198 | D:4      | Found an ornate altar of the Wu Jian Council.
  5493 | D:4      | Noticed a necrophage
  5508 | D:4      | Killed a necrophage
  5509 | D:4      | Reached skill level 5 in Stealth
  5509 | D:4      | Reached XP level 6. HP: 12/32 MP: 1/10
  6845 | D:4      | Found a basalt altar of Yredelemnul.
  6910 | D:5      | Entered Level 5 of the Dungeon
  6955 | D:5      | Reached XP level 7. HP: 11/36 MP: 4/11
  8112 | D:4      | Reached skill level 5 in Dodging
  8742 | D:5      | Reached XP level 8. HP: 41/41 MP: 8/12
  9115 | D:5      | Learned a level 2 spell: Slow
  9722 | D:6      | Found a staircase to the Ecumenical Temple.
  9763 | Temple   | Entered the Ecumenical Temple
  9854 | Temple   | Became a worshipper of Qazlal Stormbringer
  9928 | D:6      | Reached skill level 1 in Hexes
 10469 | D:6      | Reached skill level 1 in Short Blades
 10713 | D:6      | Reached skill level 1 in Fighting
 11175 | D:6      | Reached XP level 9. HP: 18/47 MP: 8/13
 11686 | D:7      | Noticed a cyclops
 13086 | D:6      | Mangled by an ogre

Illustrated notes

Levels and vault maps discovered:
D:1:      dpeg_arrival_concentric_ovals, layout_rooms, serial_shops, shop,
          hellmonk_ecumenical_altar_pennies_from_heaven
D:2:      minmay_door_path, layout_loops_ring
D:3:      layout_rooms, lemuel_doored_altar, gammafunk_ghost_grave
D:4:      layout_loops_ring, lemuel_mausoleum_altar_yredelemnul,
          general_overflow_altar
D:5:      layout_cave_pools, nemelex_diamond_rough_becter, st_stairs_2
D:6:      layout_gridville, minmay_temple_entry_statues_pillars, st_stairs_7,
          roderic_lattice_a, grunt_decor_arrowhead
D:7:      layout_rooms, lemuel_round_altar, the_hattery
Temple:   zaba_magenta_temple

Skill      XL: |  1  2  3  4  5  6  7  8  9 |
---------------+----------------------------+-----
Stealth        | 3 4 5 6 7 |  7.6
Conjurations   | 2 3 4 |  4.7
Translocations | 2 3 |  3.5
Summonings     | 2 3 |  3.8
Fire Magic     | 1 2 3 4 |  4.1
Dodging        | 3 4 5 6 7 |  7.7
Hexes          | 1 2 |  2.0
Short Blades   | 2 3 |  3.3
Fighting       | 1 2 |  2.5
Spellcasting   | |  3.2

Action                   |  1- 3 |  4- 6 |  7- 9 || total
-------------------------+-------+-------+-------++-------
Melee: Dagger            |    43 |    43 |   167 ||   253
 Cast: Magic Dart        |    84 |   111 |   161 ||   356
       Blink             |     1 |     5 |     8 ||    14
       Conjure Flame     |       |     3 |    18 ||    21
       Slow              |       |       |     1 ||     1
  Use: Potion            |     1 |     3 |     2 ||     6
       Scroll            |     2 |     3 |     3 ||     8
 Stab: Sleeping          |     1 |     6 |     5 ||    12
Armor: Robe              |    10 |    11 |    20 ||    41
       Skin              |       |     6 |       ||     6
Dodge: Dodged            |    48 |    67 |   194 ||   309

Table legend: (Time is in decaauts)
 A = Elapsed time spent in this place.
 B = Non-inter-level travel time spent in this place.
 C = Inter-level travel time spent in this place.
 D = Time resting spent in this place.
 E = Time spent auto-exploring this place.
 F = Levels seen in this place.
 G = Mean time per level.
                   A        B        C        D        E       F      G
               +--------+--------+--------+--------+--------+-----+--------+
         Total |  13100 |  12549 |    551 |   6335 |   4233 |   8 | 1637.5 |
       Dungeon |  12991 |  12456 |    535 |   6335 |   4223 |   7 | 1855.9 |
        Temple |    108 |     92 |     16 |      0 |     10 |   1 |  108.0 |
               +--------+--------+--------+--------+--------+-----+--------+

Top non-repeatable levels by time:
     D:4: 3775 daAuts
     D:6: 2253 daAuts
     D:3: 1886 daAuts
     D:1: 1483 daAuts
     D:5: 1422 daAuts
     D:2: 1394 daAuts
     D:7: 776 daAuts
  Temple: 108 daAuts
